 Dungeon Crawl Stone Soup version 0.31.0-32-g396128a36d (webtiles) character file.

Game seed: 8605533929918191114

1456 flammie80 the Basher (level 9, -7/71 HPs)
             Began as a Formicid Monk on Apr 14, 2024.
             Was an Initiate of Gozag.
             Mangled by a vampire (10 damage)
             ... on level 6 of the Dungeon.
             The game lasted 00:11:39 (4333 turns).

flammie80 the Basher (Formicid Monk)                Turns: 4333, Time: 00:11:39

Health: -7/71      AC: 16    Str: 19    XL:     9   Next: 5%
Magic:  9/9        EV:  9    Int: 11    God:    Gozag
Gold:   1223       SH:  0    Dex: 16    Spells: 8/8 levels left

rFire   . . .        t - +0 flail (protect)
rCold   . . .        d - orb {light}
rNeg    . . .        u - +0 chain mail
rPois   .            (helmet unavailable)
rElec   .            m - scarf {+Inv}
rCorr   .            (no gloves)
SInv    +            (no boots)
Will    .....        (no amulet) Stlth
                     i - ring of flight
HPRegen 0.31/turn    (no ring)
MPRegen 0.11/turn

%: no passive effects
@: confused, under a protective aura, flying, glowing
A: permanent stasis, dig shafts and tunnels, antennae 3, four strong arms
a: Dig, Shaft Self, Renounce Religion, Evoke Invisibility, Potion Petition, Call
Merchant, Bribe Branch


You were on level 6 of the Dungeon.
You worshipped Gozag.
Gozag was most pleased with you.
You visited 1 branch of the dungeon, and saw 7 of its levels.

You collected 1223 gold pieces.

Inventory:

Hand Weapons
 r - a +0 giant club
 t - a +0 flail of protection (weapon)
Armour
 d - an orb of light (worn)
 m - a scarf of invisibility (worn)
 u - a +0 chain mail (worn)
 y - a +0 cloak
Jewellery
 i - a ring of flight (left hand)
Scrolls
 b - a scroll of enchant weapon {unknown}
 e - a scroll of teleportation {unknown}
 h - a scroll of fear {unknown}
 j - 2 scrolls of vulnerability {unknown}
 l - 2 scrolls of enchant armour {unknown}
 o - 7 scrolls of identify {unknown}
 p - 2 scrolls of immolation {unknown}
 q - a scroll of blinking {unknown}
 s - 2 scrolls of poison {unknown}
 v - a scroll of fog {unknown}
 w - a scroll of brand weapon {unknown}
 A - a scroll of summoning {unknown}
Potions
 a - a potion of brilliance {unknown}
 c - a potion of ambrosia
 f - 5 potions of curing {unknown}
 g - a potion of degeneration {unknown}
 k - 2 potions of enlightenment {unknown}
 n - 2 potions of lignification {unknown}
 x - a potion of cancellation {unknown}
 z - a potion of attraction {unknown}
 B - a potion of resistance {unknown}


   Skills:
 + Level 6.9 Fighting
 + Level 8.2 Maces & Flails
 + Level 4.5 Armour
 - Level 2.6 Dodging
 * Level 1.6 Evocations


You had 8 spell levels left.
You didn't know any spells.
Your spell library contained the following spells:

 Spells                   Type           Power      Damage    Failure   Level
 Frozen Ramparts          Ice            0%         1d1       100%        3
 Leda's Liquefaction      Alch/Erth      0%         N/A       100%        4
 Petrify                  Alch/Erth      0%         N/A       100%        4
 Metabolic Englaciation   Hex/Ice        0%         N/A       100%        5


Dungeon Overview and Level Annotations

Branches:
Dungeon (7/15)             Temple (0/1) D:5

Altars:
Dithmenos
Gozag
Hepliaklqana
Okawaru
Trog
Wu Jian

Shops:
D:3 (   D:5 *

Annotations:
D:5 2 runed translucent doors, SheePop's ghost, amateur HOMo


Innate Abilities, Weirdness & Mutations

You cannot be hasted, slowed, berserked, paralysed or teleported.
You can dig through walls and to a lower floor.
You have a pair of large antennae on your head. (SInv)
Your four strong arms can wield two-handed weapons with a shield.


Message History

You are too injured to fight recklessly!
You are too injured to fight recklessly!
You are too injured to fight recklessly!
You are too injured to fight recklessly!
You are too injured to fight recklessly!
You are too injured to fight recklessly!
You barely miss the vampire.
The vampire is almost destroyed.
The vampire hits you.
The vampire bites you but does no damage.
You hit the vampire but do no damage.
The vampire is almost destroyed.
The vampire hits you but does no damage.
The vampire bites you but does no damage.
You hit the vampire but do no damage.
The vampire is almost destroyed.
The vampire hits you but does no damage.
The vampire bites you!
The vampire draws strength from your injuries!
You hit the vampire.
The vampire is almost destroyed.
The vampire draws life force from you!
* * * LOW HITPOINT WARNING * * *
The vampire is healed by the life force!
You hit the vampire.
The vampire is severely damaged.
The vampire hits you but does no damage.
The vampire bites you but does no damage.
You hit the vampire.
The vampire is almost destroyed.
The vampire draws life force from you!
* * * LOW HITPOINT WARNING * * *
The vampire is healed by the life force!
You sock the vampire!
The vampire is almost destroyed.
The vampire points at you and mumbles some strange words.
You are confused.
You bump into the rock wall.
The vampire hits you!
You die...
Your body crumbles into a pile of gold.

#...#.#
#####.# { {
#.# #.# #.#
#.# #.#
##########.#
#...V@..##.#
#......##....#
#!....# #.####
...... #.#
....# #.# ####
..# .## ##


You could see a vampire.

Vanquished Creatures
  A water moccasin (D:6)
  A sky beast (D:4)
  3 ice beasts
  An ogre (D:3)
  2 phantoms (D:5)
  A scorpion (D:4)
  2 bombardier beetles (D:4)
  3 hounds
  A jelly (D:5)
  An orc priest (D:3)
  2 iguanas
  Terence (D:2)
  Natasha (thrice) (D:2)
  3 orc wizards
  Robin (D:2)
  5 adders
  A shadow imp (D:7)
  2 white imps (D:5)
  6 ufetubi
  3 dart slugs
  4 ribbon worms
  20 orcs
  8 ball pythons
  6 bats
  10 endoplasms
  2 giant cockroaches
  9 hobgoblins
  10 kobolds
  5 quokkas
  4 frilled lizards
  19 goblins
  7 rats
147 creatures vanquished.

Notes
Turn   | Place    | Note
-------+----------+-------------------------------------------
     0 | D:1      | flammie80 the Formicid Monk began the quest for the Orb.
     0 | D:1      | Reached XP level 1. HP: 18/18 MP: 1/1
     8 | D:1      | You fall into a shaft and drop 1 floor!
    24 | D:1      | You fall into a shaft and drop 1 floor!
    39 | D:2      | Reached XP level 2. HP: 19/24 MP: 2/2
    41 | D:2      | You fall into a shaft and drop 2 floors!
    77 | D:4      | Found an opulent altar of Gozag.
   117 | D:4      | Noticed a scorpion
   127 | D:4      | Killed a scorpion
   128 | D:4      | Reached skill level 4 in Maces & Flails
   128 | D:4      | Reached XP level 3. HP: 25/31 MP: 3/3
   128 | D:4      | Reached XP level 4. HP: 31/38 MP: 4/4
   196 | D:4      | Noticed a sky beast
   223 | D:4      | Found a bloodstained altar of Trog.
   225 | D:4      | Found an ornate altar of the Wu Jian Council.
   237 | D:4      | Became a worshipper of Gozag Ym Sagoz the Greedy
   319 | D:4      | Killed a sky beast
   320 | D:4      | Reached skill level 5 in Fighting
   320 | D:4      | Reached XP level 5. HP: 31/44 MP: 5/5
   499 | D:1      | Reached skill level 5 in Maces & Flails
   511 | D:1      | Reached XP level 6. HP: 40/51 MP: 6/6
  1107 | D:2      | Noticed Terence
  1131 | D:2      | Killed Terence
  1350 | D:2      | Noticed Robin
  1364 | D:2      | Killed Robin
  1366 | D:2      | Reached skill level 1 in Armour
  1433 | D:2      | Found a shadowy altar of Dithmenos.
  1550 | D:2      | Noticed Natasha
  1555 | D:2      | Killed Natasha
  1694 | D:2      | Noticed Natasha
  1703 | D:2      | Killed Natasha
  1753 | D:2      | Noticed Natasha
  1761 | D:2      | Killed Natasha
  1762 | D:2      | Reached XP level 7. HP: 49/56 MP: 7/7
  1810 | D:3      | Reached skill level 6 in Maces & Flails
  1836 | D:3      | Found Herphaug's Antique Weapon Boutique.
  2186 | D:3      | Found a faded altar of an unknown god.
  2594 | D:4      | Found a hazy altar of Hepliaklqana.
  2594 | D:4      | Found an iron altar of Okawaru.
  2729 | D:4      | Reached XP level 8. HP: 64/64 MP: 8/8
  3148 | D:5      | Entered Level 5 of the Dungeon
  3284 | D:5      | Reached skill level 7 in Maces & Flails
  3398 | D:5      | Found Egigg's General Store.
  3662 | D:5      | Found a runed translucent door.
  3666 | D:5      | Noticed SheePop's ghost (amateur HOMo)
  3801 | D:5      | Found a runed translucent door.
  3841 | D:5      | Found a staircase to the Ecumenical Temple.
  3959 | D:5      | Noticed a yak
  3959 | D:5      | Noticed a yak
  3959 | D:5      | Noticed a yak
  3962 | D:5      | You are sucked into a shaft and drop 2 floors!
  3984 | D:7      | Reached skill level 1 in Evocations
  4039 | D:6      | Reached skill level 8 in Maces & Flails
  4141 | D:6      | Reached XP level 9. HP: 59/71 MP: 9/9
  4331 | D:6      | HP: 3/71 [vampire/vampiric draining (9)]
  4333 | D:6      | Mangled by a vampire

Illustrated notes

Levels and vault maps discovered:
D:1:      grunt_arrival_crossed_arrows, layout_basic
D:2:      layout_rooms, basic_altar, uniq_robin, uniq_terence, uniq_natasha
D:3:      layout_rooms, serial_shops, shop,
          shapermc_ecumenical_altar_totnotflames
D:4:      layout_gridville, nicolae_overflow_hidden_temple,
          mainiacjoe_overflow_divided_tiny
D:5:      layout_basic, minmay_temple_entry_mist, serial_shops,
          nicolae_shop_back_alley_shop, ebering_ghost_sewer_f,
          small_statue_intersection
D:6:      minmay_opposing_rooms, layout_basic, minmay_stone_trees_small,
          nicolae_the_louvre
D:7:      layout_loops_ring, grunt_ministairs_7

Skill      XL: |  1  2  3  4  5  6  7  8 |
---------------+-------------------------+-----
Fighting       | 4 5 6 |  6.9
Maces & Flails | 4 5 6 8 |  8.2
Armour         | 1 3 4 |  4.5
Evocations     | 1 |  1.6
Dodging        | |  2.6

Action                     |  1- 3 |  4- 6 |  7- 9 || total
---------------------------+-------+-------+-------++-------
  Melee: Mace              |    13 |    10 |       ||    23
         Whip              |       |   170 |    51 ||   221
         Flail             |       |       |   220 ||   220
Ability: Shaft Self        |     3 |       |     1 ||     4
         Dig               |       |     2 |       ||     2
    Use: Potion            |       |     1 |       ||     1
   Stab: Distracted        |       |     1 |       ||     1
 Armour: Robe              |     9 |    16 |       ||    25
         Scale mail        |       |    86 |    21 ||   107
         Chain mail        |       |       |   201 ||   201
  Dodge: Dodged            |    20 |    68 |    95 ||   183
